Penguins vs Barracuda

Created - January 17, 2025 at 19:59

Goals
1 2 3 OT1 SO T
Penguins 1 5 2 0 0 8
Barracuda 3 0 5 0 1 9
Shots
1 2 3 OT1 SO T
Penguins 8 19 6 1 3 34
Barracuda 17 11 20 0 2 48

1st period

1. Penguins , Jesperi Kotkaniemi 5 (Clayton Keller 29, Noah Dobson 7) at 7:02
2. Barracuda , Emil Pettersson 18 (William Carrier 27, Mac Hollowell 10) at 9:41 (PP)
3. Barracuda , Kyle Platzer 5 (Cole Ully 5, Mac Hollowell 11) at 12:20
4. Barracuda , Emil Pettersson 19 (Kurtis Macdermid 19) at 15:18

Penalties :
Luke Martin (S.J) for Hooking (Minor) at 1:01, Jesper Boqvist (Wil) for Interference (Minor) at 7:44, Clayton Keller (Wil) for Roughing (Minor) at 18:31

2nd period

5. Penguins , Clayton Keller 12 (Matthew Boldy 13, Jesperi Kotkaniemi 12) at 2:07
6. Penguins , Jesperi Kotkaniemi 6 (Clayton Keller 30, Matthew Boldy 14) at 2:23
7. Penguins , Denis Malgin 18 (Artemi Kniazev 5, Jeff Malott 7) at 5:02
8. Penguins , Matthew Boldy 18 (Noah Dobson 8) at 13:17
9. Penguins , Clayton Keller 13 (Matthew Boldy 15, Jesperi Kotkaniemi 13) at 18:33 (PP)

Penalties :
Thomas Gobeil (S.J) for Tripping (Minor) at 10:22, William Carrier (S.J) for Interference (Minor) at 15:55, Alex Lintuniemi (S.J) for Hooking (Minor) at 18:26, Matthew Boldy (Wil) for Slashing (Minor) at 18:55

3rd period

10. Barracuda , Jaedon Descheneau 4 (William Carrier 28, Theodor Blueger 22) at 0:33 (PP)
11. Barracuda , Cole Ully 12 (Kyle Platzer 6) at 1:36
12. Barracuda , Kurtis Macdermid 24 (Emil Pettersson 33) at 7:22 (PP)
13. Penguins , Jeff Malott 10 (Marc Del Gaizo 15, Denis Malgin 22) at 9:24
14. Barracuda , William Carrier 19 (Theodor Blueger 23) at 11:23
15. Penguins , Matthew Boldy 19 (Clayton Keller 31) at 18:17
16. Barracuda , Kurtis Macdermid 25 (Emil Pettersson 34, Thomas Gobeil 9) at 19:27

Penalties :
Josh Ho-Sang (Wil) for Delaying the game (Minor) at 7:19

Overtime #1

No Goal

Penalties :
No Penalty

Shootout

Penguins, Evan Rodrigues - Stopped by Kevin Mandolese
Barracuda, Kurtis Macdermid - Goal!
Penguins, Denis Malgin - Stopped by Kevin Mandolese
Barracuda, William Carrier - Stopped by Spencer Knight
Penguins, Clayton Keller - Shot Misses the Net

Penalties :
No Penalty

Goalie Stats

Spencer Knight (Wil), 40 saves from 48 shots - (0.833), OTL, 6-4-2, 65:00 minutes
Kevin Mandolese (S.J), 5 saves from 7 shots - (0.714), W, 2-1-0, 26:15 minutes
Joni Ortio (S.J), 21 saves from 27 shots - (0.778), 38:33 minutes

Players Stats for Penguins

Player Name              G  A  P  +/- PIM S  H  SB GA TA FO     MP     PP MP  PK MP  
------------------------------------------------------------------------------------
Artemi Kniazev           0  1  1  -1  0   1  0  1  0  0  0/0    11:31   0:09   0:00 
Bowen Byram              0  0  0  -1  0   0  0  1  0  0  0/0    11:44   0:22   0:00 
Clayton Keller           2  3  5   4  2   4  2  1  1  0  1/2    22:14   3:11   0:00 
Dakota Mermis            0  0  0   1  0   2  1  0  0  2  0/0    31:20   3:05   4:14 
Denis Malgin             1  1  2  -1  0   7  1  0  1  0  9/17   17:35   0:06   3:58 
Dmitry Voronkov          0  0  0  -1  0   0  1  0  0  0  0/2     7:47   0:00   0:00 
Evan Rodrigues           0  0  0  -2  0   1  2  2  1  1  0/1    21:01   2:47   3:58 
Jeff Malott              1  1  2   0  0   3  1  0  0  0  0/0    14:41   0:06   1:36 
Jesper Boqvist           0  0  0  -1  2   1  1  0  0  0  0/0    16:03   2:47   0:00 
Jesperi Kotkaniemi       2  2  4   5  0   2  0  1  0  0  16/32  20:04   3:11   0:00 
Josh Ho-Sang             0  0  0   0  2   0  0  0  0  0  0/0    11:13   0:06   0:00 
Marc Del Gaizo           0  1  1   2  0   4  1  1  1  0  0/0    19:47   2:37   1:23 
Matthew Boldy            2  3  5   5  2   6  1  0  2  0  0/1    20:03   3:11   0:00 
Matthew Finn             0  0  0   1  0   1  1  3  0  2  0/0    30:50   3:05   4:14 
Noah Dobson              0  2  2   2  0   2  0  1  0  1  0/0    19:48   2:50   1:23 
Philipp Kurashev         0  0  0  -1  0   0  2  1  1  0  1/13   18:04   2:47   1:42 
Sampo Ranta              0  0  0  -1  0   0  1  0  0  0  0/0     7:47   0:00   0:00 
Valtteri Puustinen       0  0  0  -1  0   0  0  0  0  0  0/0     7:47   0:00   0:00 

Players Stats for Barracuda

Player Name              G  A  P  +/- PIM S  H  SB GA TA FO     MP     PP MP  PK MP  
------------------------------------------------------------------------------------
Alex Henriksson          0  0  0  -2  0   3  1  0  0  0  0/0    10:08   0:00   1:33 
Alex Lintuniemi          0  0  0  -1  2   3  0  2  0  0  0/0    12:26   0:00   0:54 
Alexei Toropchenko       0  0  0  -2  0   0  1  0  0  0  1/1     6:49   0:00   0:00 
Brett Kulak              0  0  0  -3  0   7  3  2  3  0  0/0    30:50   4:03   3:27 
Cole Ully                1  1  2   1  0   3  0  0  0  0  1/2    12:43   0:00   0:14 
Dennis Cholowski         0  0  0  -2  0   0  0  0  0  0  0/0    11:09   0:00   0:00 
Emil Pettersson          2  2  4  -1  0   7  2  0  0  0  24/40  25:38   3:20   3:02 
Jacob Peterson           0  0  0  -2  0   1  0  0  0  0  0/1     7:54   0:00   1:05 
Jaedon Descheneau        1  0  1   0  0   2  2  0  0  1  0/1    14:22   2:17   0:00 
Kurtis Macdermid         2  1  3  -1  0   7  4  0  0  0  1/3    25:49   3:20   3:02 
Kyle Platzer             1  1  2   1  0   3  1  0  1  1  6/7    11:16   0:00   0:00 
Luke Martin              0  0  0   3  2   2  0  1  1  2  0/0    19:52   1:34   1:43 
Mac Hollowell            0  2  2   2  0   1  1  4  0  1  0/0    20:33   1:34   2:37 
Nikolai Kovalenko        0  0  0   1  0   0  1  0  0  0  0/1    10:47   0:00   0:00 
Robin Norell             0  0  0  -3  0   1  3  1  1  1  0/0    30:44   4:03   3:27 
Theodor Blueger          0  2  2   0  0   2  4  1  0  0  4/6    18:33   2:17   1:57 
Thomas Gobeil            0  1  1  -1  2   3  0  0  0  0  1/2    21:09   3:20   0:00 
William Carrier          1  2  3   0  2   3  2  0  0  1  3/4    18:10   2:17   1:15 

3 Stars

1 - Matthew Boldy (Wil)
2 - Clayton Keller (Wil)
3 - Jesperi Kotkaniemi (Wil)

Power Play

Penguins - 1 on 4 Attempt(s) - 25.00%
Barracuda - 3 on 4 Attempt(s) - 75.00%

Penalty Kill

Penguins - 1 on 4 Attempt(s) - 25.00% - Score 0 goal in Penalty Kill
Barracuda - 3 on 4 Attempt(s) - 75.00% - Score 0 goal in Penalty Kill

Team Stat

Penguins - Hits : 15 - Faceoff Wins : 27 - Blocked Shots : 12 - Penalty Minutes : 8
Barracuda - Hits : 25 - Faceoff Wins : 41 - Blocked Shots : 11 - Penalty Minutes : 8

Official

Referees : Ian Walsh and Dan Kelly
Linesman : Ryan Daisy and Matt MacPherson

Game Notes

Kevin Mandolese enters game at 18:33 of 2nd period

Finance

Level 1 -- Attendance: 1952 (97.60%) -- Ticket Income $136,640
Level 2 -- Attendance: 905 (90.50%) -- Ticket Income $36,200
Total Attendance: 2857 (95.23%)
Total Ticket Income: $172,840
Other Income: $8,642
Total Income: $181,482

Penguins

5 vs 5 Forward 
   Center                   Left Wing                Right Wing               Time % Phy DF OF 
 1 Jesperi Kotkaniemi       Matthew Boldy            Clayton Keller           40     1   2  2  
 2 Philipp Kurashev         Evan Rodrigues           Jesper Boqvist           30     1   2  2  
 3 Denis Malgin             Jeff Malott              Josh Ho-Sang             20     1   2  2  
 4 Dmitry Voronkov          Sampo Ranta              Valtteri Puustinen       10     1   2  2  

5 vs 5 Defense 
   Defense                  Defense                                           Time % Phy DF OF 
 1 Dakota Mermis            Matthew Finn                                      40     1   2  2  
 2 Noah Dobson              Marc Del Gaizo                                    30     1   2  2  
 3 Bowen Byram              Artemi Kniazev                                    20     1   2  2  
 4 Dakota Mermis            Matthew Finn                                      10     1   2  2  

PowerPlay Forward 
   Center                   Left Wing                Right Wing               Time % Phy DF OF 
 1 Jesperi Kotkaniemi       Matthew Boldy            Clayton Keller           60     1   2  2  
 2 Philipp Kurashev         Evan Rodrigues           Jesper Boqvist           40     1   2  2  

PowerPlay Defense
   Defense                  Defense                                           Time % Phy DF OF 
 1 Dakota Mermis            Matthew Finn                                      60     1   2  2  
 2 Noah Dobson              Marc Del Gaizo                                    40     1   2  2  

Penalty Kill 4 Players Forward 
   Center                   Wing                     Time % Phy DF OF 
 1 Denis Malgin             Evan Rodrigues           60     1   2  2  
 2 Philipp Kurashev         Jeff Malott              40     1   2  2  

Penalty Kill 4 Players Defense
   Defense                  Defense                  Time % Phy DF OF 
 1 Dakota Mermis            Matthew Finn             60     1   2  2  
 2 Noah Dobson              Marc Del Gaizo           40     1   2  2  

Penalty Kill - 3 Players Forward 
   Forward                                           Time % Phy DF OF 
 1 Denis Malgin                                      60     1   2  2  
 2 Philipp Kurashev                                  40     1   2  2  

Penalty Kill - 3 Players Defense
   Defense                  Defense                  Time % Phy DF OF 
 1 Dakota Mermis            Matthew Finn             60     1   2  2  
 2 Noah Dobson              Marc Del Gaizo           40     1   2  2  

4 vs 4 Forward 
   Center                   Wing                     Time % Phy DF OF 
 1 Jesperi Kotkaniemi       Matthew Boldy            60     1   2  2  
 2 Philipp Kurashev         Evan Rodrigues           40     1   2  2  

4 vs 4 Defense
   Defense                  Defense                  Time % Phy DF OF 
 1 Dakota Mermis            Matthew Finn             60     1   2  2  
 2 Noah Dobson              Marc Del Gaizo           40     1   2  2  

Last Minutes Offensive
   Center                   Left Wing                Right Wing               Defense                  Defense                  
   Denis Malgin             Evan Rodrigues           Clayton Keller           Dakota Mermis            Matthew Finn             

Last Minutes Defensive
   Center                   Left Wing                Right Wing               Defense                  Defense                  
   Denis Malgin             Evan Rodrigues           Clayton Keller           Dakota Mermis            Matthew Finn             

Goaltenders
Starting : Spencer Knight           
Backup : Anthony Stolarz          

Extra Forwards
Normal : Philipp Kurashev, Jesper Boqvist, Matthew Boldy - PP : Philipp Kurashev, Jesper Boqvist - PK : Philipp Kurashev
Extra Defensemen
Normal : Marc Del Gaizo, Bowen Byram, Artemi Kniazev - PP : Marc Del Gaizo - PK : Marc Del Gaizo, Bowen Byram
Penalty Shots
Evan Rodrigues, Denis Malgin, Clayton Keller, Jeff Malott, Philipp Kurashev
Custom OT Lines Forwards
Evan Rodrigues, Denis Malgin, Clayton Keller, Jeff Malott, Philipp Kurashev, Jesper Boqvist, Matthew Boldy, Jesperi Kotkaniemi, Josh Ho-Sang, Sampo Ranta
Custom OT Lines Defensemen
Dakota Mermis, Matthew Finn, Noah Dobson, Marc Del Gaizo, Bowen Byram

Scratches
Juuso Ikonen (Healthy), Kevin Stenlund (Healthy), Austin Strand (Healthy), Ryan MacInnis (Healthy), Sam Kurker (Healthy)
Adam Brooks (Healthy), Shawn Boudrias (Healthy), Ryan Johnson (Healthy), Nolan Foote (Healthy), Zachary Bouthillier (Healthy)

Barracuda

5 vs 5 Forward 
   Center                   Left Wing                Right Wing               Time % Phy DF OF 
 1 Emil Pettersson          Kurtis Macdermid         Thomas Gobeil            40     1   2  2  
 2 Theodor Blueger          William Carrier          Jaedon Descheneau        30     1   2  2  
 3 Kyle Platzer             Cole Ully                Nikolai Kovalenko        20     1   2  2  
 4 Jacob Peterson           Alex Henriksson          Alexei Toropchenko       10     1   2  2  

5 vs 5 Defense 
   Defense                  Defense                                           Time % Phy DF OF 
 1 Brett Kulak              Robin Norell                                      40     1   2  2  
 2 Mac Hollowell            Luke Martin                                       30     1   2  2  
 3 Alex Lintuniemi          Dennis Cholowski                                  20     1   2  2  
 4 Brett Kulak              Robin Norell                                      10     1   2  2  

PowerPlay Forward 
   Center                   Left Wing                Right Wing               Time % Phy DF OF 
 1 Emil Pettersson          Kurtis Macdermid         Thomas Gobeil            60     0   2  3  
 2 Theodor Blueger          William Carrier          Jaedon Descheneau        40     0   2  3  

PowerPlay Defense
   Defense                  Defense                                           Time % Phy DF OF 
 1 Brett Kulak              Robin Norell                                      60     0   2  3  
 2 Mac Hollowell            Luke Martin                                       40     0   2  3  

Penalty Kill 4 Players Forward 
   Center                   Wing                     Time % Phy DF OF 
 1 Emil Pettersson          Kurtis Macdermid         60     1   4  0  
 2 Theodor Blueger          William Carrier          40     1   4  0  

Penalty Kill 4 Players Defense
   Defense                  Defense                  Time % Phy DF OF 
 1 Brett Kulak              Robin Norell             60     1   4  0  
 2 Mac Hollowell            Luke Martin              40     1   4  0  

Penalty Kill - 3 Players Forward 
   Forward                                           Time % Phy DF OF 
 1 Emil Pettersson                                   60     1   4  0  
 2 Theodor Blueger                                   40     1   4  0  

Penalty Kill - 3 Players Defense
   Defense                  Defense                  Time % Phy DF OF 
 1 Brett Kulak              Robin Norell             60     1   4  0  
 2 Mac Hollowell            Luke Martin              40     1   4  0  

4 vs 4 Forward 
   Center                   Wing                     Time % Phy DF OF 
 1 Emil Pettersson          Kurtis Macdermid         60     1   2  2  
 2 Theodor Blueger          William Carrier          40     1   2  2  

4 vs 4 Defense
   Defense                  Defense                  Time % Phy DF OF 
 1 Brett Kulak              Robin Norell             60     1   2  2  
 2 Mac Hollowell            Luke Martin              40     1   2  2  

Last Minutes Offensive
   Center                   Left Wing                Right Wing               Defense                  Defense                  
   Emil Pettersson          Kurtis Macdermid         Thomas Gobeil            Brett Kulak              Robin Norell             

Last Minutes Defensive
   Center                   Left Wing                Right Wing               Defense                  Defense                  
   Emil Pettersson          Kurtis Macdermid         Thomas Gobeil            Brett Kulak              Robin Norell             

Goaltenders
Starting : Joni Ortio               
Backup : Kevin Mandolese          

Extra Forwards
Normal : Theodor Blueger, Alex Henriksson, Kyle Platzer - PP : Theodor Blueger, Alex Henriksson - PK : Theodor Blueger
Extra Defensemen
Normal : Luke Martin, Alex Lintuniemi, Dennis Cholowski - PP : Luke Martin - PK : Luke Martin, Alex Lintuniemi
Penalty Shots
Kurtis Macdermid, William Carrier, Emil Pettersson, Cole Ully, Theodor Blueger
Custom OT Lines Forwards
Kurtis Macdermid, William Carrier, Emil Pettersson, Cole Ully, Theodor Blueger, Alex Henriksson, Kyle Platzer, Thomas Gobeil, Jacob Peterson, Jaedon Descheneau
Custom OT Lines Defensemen
Brett Kulak, Robin Norell, Mac Hollowell, Luke Martin, Alex Lintuniemi

Scratches
Ryan Merkley (Healthy), Bode Wilde (Healthy), Jordan Gross (Healthy), Noah Gregor (Healthy), Beck Malenstyn (Healthy)
Adam Edstrom (Healthy), Adam Beckman (Healthy), Angus Crookshank (Healthy), Filip Larsson (Healthy)

% Time on Ice - Penguins

Lines # - Real PCT - Wanted PCT - Time Play
Normal Forward
1 - 37% - 40% - 17:28
2 - 25% - 30% - 12:03
3 - 22% - 20% - 10:33
4 - 16% - 10% - 7:47
Normal Defense
1 - 42% - 40% - 19:56
2 - 31% - 30% - 14:43
3 - 23% - 20% - 10:50
4 - 5% - 10% - 2:22
PP Forward
1 - 54% - 60% - 3:17
2 - 46% - 40% - 2:47
PP Defense
1 - 53% - 60% - 3:14
2 - 47% - 40% - 2:50
PK Forward
1 - 75% - 60% - 4:12
2 - 25% - 40% - 1:25
PK Defense
1 - 75% - 60% - 4:14
2 - 25% - 40% - 1:23
PK3 Forward
1 - 0% - 60%
2 - 0% - 40%
PK3 Defense
1 - 0% - 60%
2 - 0% - 40%
44 Forward
1 - 0% - 60%
2 - 0% - 40%
44 Defense
1 - 0% - 60%
2 - 0% - 40%
Last Minute Offensive  - 0:00
Last Minute Defensive  - 0:28
Total
Forward - 60:00
Defense - 60:00

% Time on Ice - Barracuda

Lines # - Real PCT - Wanted PCT - Time Play
Normal Forward
1 - 37% - 40% - 17:37
2 - 26% - 30% - 12:41
3 - 23% - 20% - 10:47
4 - 14% - 10% - 6:49
Normal Defense
1 - 40% - 40% - 19:08
2 - 33% - 30% - 15:48
3 - 23% - 20% - 11:09
4 - 4% - 10% - 1:49
PP Forward
1 - 59% - 60% - 3:20
2 - 41% - 40% - 2:17
PP Defense
1 - 72% - 60% - 4:03
2 - 28% - 40% - 1:34
PK Forward
1 - 70% - 60% - 4:13
2 - 30% - 40% - 1:51
PK Defense
1 - 57% - 60% - 3:27
2 - 43% - 40% - 2:37
PK3 Forward
1 - 0% - 60%
2 - 0% - 40%
PK3 Defense
1 - 0% - 60%
2 - 0% - 40%
44 Forward
1 - 0% - 60%
2 - 0% - 40%
44 Defense
1 - 0% - 60%
2 - 0% - 40%
Last Minute Offensive  - 0:25
Last Minute Defensive  - 0:00
Total
Forward - 60:00
Defense - 60:00

Play-by-Play

1st period


0:01 of 1st period - Jesperi Kotkaniemi wins face-off versus Emil Pettersson in neutral zone.
0:33 of 1st period - Snap shot by William Carrier.
0:33 of 1st period - Shot Misses the Net.
1:01 of 1st period - Minor Penalty to Luke Martin for Hooking.
1:02 of 1st period - Jesperi Kotkaniemi wins face-off versus Emil Pettersson in Barracuda zone.
1:19 of 1st period - Brett Kulak is hit by Matthew Finn and loses puck.
3:01 of 1st period - Penalty to Luke Martin is over, Luke Martin is back on ice.
3:26 of 1st period - Snap shot by Theodor Blueger.
3:26 of 1st period - Stopped by Spencer Knight with a rebound.
3:50 of 1st period - Snap shot by Cole Ully.
3:50 of 1st period - Shot Misses the Net.
3:52 of 1st period - Slapshot by Alex Lintuniemi.
3:52 of 1st period - Shot Misses the Net.
4:02 of 1st period - Slapshot by Brett Kulak.
4:02 of 1st period - Shot Misses the Net.
4:06 of 1st period - Backhand shot by Alex Henriksson.
4:06 of 1st period - Stopped by Spencer Knight without a rebound.
4:07 of 1st period - Emil Pettersson wins face-off versus Dmitry Voronkov in Penguins zone.
4:51 of 1st period - Snap shot by Clayton Keller.
4:51 of 1st period - Shot Misses the Net.
4:53 of 1st period - Slapshot by Clayton Keller.
4:53 of 1st period - Shot Misses the Net.
4:55 of 1st period - Slapshot by Noah Dobson.
4:55 of 1st period - Stopped by Joni Ortio with a rebound.
5:39 of 1st period - Snap shot by Valtteri Puustinen.
5:39 of 1st period - Shot Misses the Net.
6:15 of 1st period - Snap shot by Brett Kulak.
6:15 of 1st period - Shot Misses the Net.
6:54 of 1st period - Snap shot by Matthew Boldy.
6:54 of 1st period - Shot Blocked by Alex Lintuniemi.
6:56 of 1st period - Slapshot by Noah Dobson.
6:56 of 1st period - Stopped by Joni Ortio with a rebound.
6:58 of 1st period - Wrist shot by Clayton Keller.
6:58 of 1st period - Stopped by Joni Ortio with a rebound.
7:02 of 1st period - Slapshot by Jesperi Kotkaniemi.
7:02 of 1st period - Goal by Jesperi Kotkaniemi - Penguins : 1 - Barracuda : 0.
7:03 of 1st period - Emil Pettersson wins face-off versus Jesperi Kotkaniemi in neutral zone.
7:44 of 1st period - Minor Penalty to Jesper Boqvist for Interference.
7:45 of 1st period - Denis Malgin wins face-off versus Emil Pettersson in Penguins zone.
8:12 of 1st period - Evan Rodrigues is hit by William Carrier and loses puck.
8:19 of 1st period - Snap shot by Theodor Blueger.
8:19 of 1st period - Deflect By William Carrier.
8:19 of 1st period - Shot Misses the Net.
8:19 of 1st period - Puck is out of play.
8:20 of 1st period - Denis Malgin wins face-off versus Theodor Blueger in Penguins zone.
8:30 of 1st period - Off-side.
8:31 of 1st period - Emil Pettersson wins face-off versus Philipp Kurashev in neutral zone.
8:34 of 1st period - Wrist shot by Kurtis Macdermid.
8:34 of 1st period - Shot Misses the Net.
8:36 of 1st period - Slapshot by Brett Kulak.
8:36 of 1st period - Stopped by Spencer Knight with a rebound.
8:38 of 1st period - Slapshot by Brett Kulak.
8:38 of 1st period - Stopped by Spencer Knight with a rebound.
8:45 of 1st period - Snap shot by Kurtis Macdermid.
8:45 of 1st period - Shot Misses the Net.
8:47 of 1st period - Wrist shot by Robin Norell.
8:47 of 1st period - Shot Misses the Net.
8:57 of 1st period - Dakota Mermis is hit by Brett Kulak and loses puck.
9:41 of 1st period - Wrist shot by Emil Pettersson.
9:41 of 1st period - Goal by Emil Pettersson - Penguins : 1 - Barracuda : 1.
9:42 of 1st period - Jesperi Kotkaniemi wins face-off versus Emil Pettersson in neutral zone.
10:07 of 1st period - Brett Kulak is hit by Philipp Kurashev and loses puck.
10:26 of 1st period - Wrist shot by Jeff Malott.
10:26 of 1st period - Shot Misses the Net.
10:32 of 1st period - Snap shot by Jeff Malott.
10:32 of 1st period - Shot Blocked by Alex Lintuniemi.
10:34 of 1st period - Wrist shot by Denis Malgin.
10:34 of 1st period - Stopped by Joni Ortio with a rebound.
10:36 of 1st period - Slapshot by Denis Malgin.
10:36 of 1st period - Stopped by Joni Ortio with a rebound.
10:50 of 1st period - Sampo Ranta is hit by Kurtis Macdermid and loses puck.
11:24 of 1st period - Off-side.
11:25 of 1st period - Kyle Platzer wins face-off versus Philipp Kurashev in neutral zone.
11:28 of 1st period - Slapshot by Brett Kulak.
11:28 of 1st period - Shot Blocked by Evan Rodrigues.
11:30 of 1st period - Wrist shot by Cole Ully.
11:30 of 1st period - Stopped by Spencer Knight with a rebound.
11:32 of 1st period - Wrist shot by Robin Norell.
11:32 of 1st period - Stopped by Spencer Knight without a rebound.
11:33 of 1st period - Jesperi Kotkaniemi wins face-off versus Emil Pettersson in Penguins zone.
11:33 of 1st period - Jesperi Kotkaniemi is hit by Brett Kulak.
11:43 of 1st period - Slapshot by Matthew Boldy.
11:43 of 1st period - Shot Blocked by Robin Norell.
12:03 of 1st period - Jesper Boqvist is hit by William Carrier and loses puck.
12:20 of 1st period - Wrist shot by Kyle Platzer.
12:20 of 1st period - Goal by Kyle Platzer - Penguins : 1 - Barracuda : 2.
12:21 of 1st period - Emil Pettersson wins face-off versus Jesperi Kotkaniemi in neutral zone.
12:26 of 1st period - Slapshot by Kurtis Macdermid.
12:26 of 1st period - Shot Misses the Net.
13:15 of 1st period - Nikolai Kovalenko is hit by Jeff Malott and loses puck.
13:30 of 1st period - Slapshot by Marc Del Gaizo.
13:30 of 1st period - Stopped by Joni Ortio without a rebound.
13:31 of 1st period - Alexei Toropchenko wins face-off versus Jesperi Kotkaniemi in Barracuda zone.
13:31 of 1st period - Alexei Toropchenko is hit by Matthew Boldy.
13:41 of 1st period - Snap shot by Alex Henriksson.
13:41 of 1st period - Stopped by Spencer Knight without a rebound.
13:42 of 1st period - Jesperi Kotkaniemi wins face-off versus Thomas Gobeil in Penguins zone.
15:18 of 1st period - Wrist shot by Emil Pettersson.
15:18 of 1st period - Goal by Emil Pettersson - Penguins : 1 - Barracuda : 3.
15:19 of 1st period - Emil Pettersson wins face-off versus Jesperi Kotkaniemi in neutral zone.
15:44 of 1st period - Matthew Finn is hit by Robin Norell and loses puck.
16:00 of 1st period - Icing by Robin Norell.
16:01 of 1st period - Theodor Blueger wins face-off versus Denis Malgin in Barracuda zone.
16:08 of 1st period - Denis Malgin is hit by Kurtis Macdermid and loses puck.
16:27 of 1st period - Slapshot by Brett Kulak.
16:27 of 1st period - Shot Blocked by Marc Del Gaizo.
16:33 of 1st period - Snap shot by William Carrier.
16:33 of 1st period - Stopped by Spencer Knight with a rebound.
16:46 of 1st period - Icing by Matthew Boldy.
16:47 of 1st period - Kyle Platzer wins face-off versus Jesperi Kotkaniemi in Penguins zone.
16:51 of 1st period - Icing by Marc Del Gaizo.
16:52 of 1st period - Jesperi Kotkaniemi wins face-off versus Emil Pettersson in Penguins zone.
17:19 of 1st period - Slapshot by Matthew Boldy.
17:19 of 1st period - Shot Blocked by Mac Hollowell.
17:21 of 1st period - Slapshot by Marc Del Gaizo.
17:21 of 1st period - Stopped by Joni Ortio with a rebound.
17:29 of 1st period - Wrist shot by Matthew Boldy.
17:29 of 1st period - Deflect By Jesperi Kotkaniemi.
17:29 of 1st period - Shot Blocked by Theodor Blueger.
17:29 of 1st period - Puck is out of play.
17:30 of 1st period - Emil Pettersson wins face-off versus Philipp Kurashev in Barracuda zone.
17:35 of 1st period - Wrist shot by Kurtis Macdermid.
17:35 of 1st period - Shot Misses the Net.
18:07 of 1st period - Wrist shot by William Carrier.
18:07 of 1st period - Shot Misses the Net.
18:09 of 1st period - Wrist shot by Theodor Blueger.
18:09 of 1st period - Deflect By Jaedon Descheneau.
18:09 of 1st period - Shot Misses the Net.
18:09 of 1st period - Puck is out of play.
18:10 of 1st period - Kyle Platzer wins face-off versus Jesperi Kotkaniemi in Penguins zone.
18:13 of 1st period - Snap shot by Kyle Platzer.
18:13 of 1st period - Shot Misses the Net.
18:15 of 1st period - Snap shot by Kyle Platzer.
18:15 of 1st period - Stopped by Spencer Knight with a rebound.
18:17 of 1st period - Backhand shot by Cole Ully.
18:17 of 1st period - Shot Misses the Net.
18:19 of 1st period - Slapshot by Mac Hollowell.
18:19 of 1st period - Stopped by Spencer Knight with a rebound.
18:21 of 1st period - Wrist shot by Cole Ully.
18:21 of 1st period - Shot Misses the Net.
18:23 of 1st period - Slapshot by Luke Martin.
18:23 of 1st period - Deflect By Kyle Platzer.
18:23 of 1st period - Stopped by Spencer Knight with a rebound.
18:31 of 1st period - Minor Penalty to Clayton Keller for Roughing.
18:32 of 1st period - Denis Malgin wins face-off versus Emil Pettersson in Penguins zone.
18:47 of 1st period - Denis Malgin is hit by Emil Pettersson and loses puck.
19:06 of 1st period - Snap shot by Theodor Blueger.
19:06 of 1st period - Deflect By Dakota Mermis.
19:06 of 1st period - Shot Misses the Net.
19:06 of 1st period - Puck is out of play.
19:07 of 1st period - Emil Pettersson wins face-off versus Philipp Kurashev in Penguins zone.
19:10 of 1st period - Slapshot by Emil Pettersson.
19:10 of 1st period - Shot Misses the Net.
19:12 of 1st period - Snap shot by Emil Pettersson.
19:12 of 1st period - Stopped by Spencer Knight with a rebound.
19:14 of 1st period - Snap shot by Mac Hollowell.
19:14 of 1st period - Shot Misses the Net.
19:16 of 1st period - Slapshot by Mac Hollowell.
19:16 of 1st period - Shot Misses the Net.
19:18 of 1st period - Snap shot by Thomas Gobeil.
19:18 of 1st period - Stopped by Spencer Knight without a rebound.
19:19 of 1st period - Emil Pettersson wins face-off versus Denis Malgin in Penguins zone.
19:32 of 1st period - Wrist shot by Kurtis Macdermid.
19:32 of 1st period - Deflect By Thomas Gobeil.
19:32 of 1st period - Stopped by Spencer Knight with a rebound.
19:44 of 1st period - Evan Rodrigues is hit by Emil Pettersson and loses puck.
Goals for this period are 1 for Penguins vs 3 for Barracuda.
Shots for this period are 8 for Penguins vs 17 for Barracuda.

2nd period


0:01 of 2nd period - Denis Malgin wins face-off versus Emil Pettersson in neutral zone.
0:04 of 2nd period - Slapshot by Dakota Mermis.
0:04 of 2nd period - Stopped by Joni Ortio with a rebound.
0:31 of 2nd period - Penalty to Clayton Keller is over, Clayton Keller is back on ice.
0:46 of 2nd period - Slapshot by Dakota Mermis.
0:46 of 2nd period - Deflect By Kyle Platzer.
0:46 of 2nd period - Stopped by Joni Ortio with a rebound.
1:08 of 2nd period - Slapshot by Dakota Mermis.
1:08 of 2nd period - Shot Blocked by Mac Hollowell.
1:55 of 2nd period - Snap shot by Jeff Malott.
1:55 of 2nd period - Shot Misses the Net.
1:57 of 2nd period - Slapshot by Marc Del Gaizo.
1:57 of 2nd period - Stopped by Joni Ortio without a rebound.
1:58 of 2nd period - Jesperi Kotkaniemi wins face-off versus Theodor Blueger in Barracuda zone.
2:05 of 2nd period - Wrist shot by Matthew Boldy.
2:05 of 2nd period - Stopped by Joni Ortio with a rebound.
2:07 of 2nd period - Snap shot by Clayton Keller.
2:07 of 2nd period - Goal by Clayton Keller - Penguins : 2 - Barracuda : 3.
2:08 of 2nd period - Emil Pettersson wins face-off versus Jesperi Kotkaniemi in neutral zone.
2:11 of 2nd period - Slapshot by Brett Kulak.
2:11 of 2nd period - Stopped by Spencer Knight without a rebound.
2:12 of 2nd period - Emil Pettersson wins face-off versus Clayton Keller in Penguins zone.
2:13 of 2nd period - Snap shot by Kurtis Macdermid.
2:13 of 2nd period - Stopped by Spencer Knight without a rebound.
2:14 of 2nd period - Jesperi Kotkaniemi wins face-off versus Emil Pettersson in Penguins zone.
2:21 of 2nd period - Wrist shot by Clayton Keller.
2:21 of 2nd period - Shot Misses the Net.
2:23 of 2nd period - Snap shot by Jesperi Kotkaniemi.
2:23 of 2nd period - Goal by Jesperi Kotkaniemi - Penguins : 3 - Barracuda : 3.
2:24 of 2nd period - Emil Pettersson wins face-off versus Philipp Kurashev in neutral zone.
3:11 of 2nd period - Wrist shot by Denis Malgin.
3:11 of 2nd period - Stopped by Joni Ortio without a rebound.
3:12 of 2nd period - Kyle Platzer wins face-off versus Denis Malgin in Barracuda zone.
3:35 of 2nd period - Slapshot by Jeff Malott.
3:35 of 2nd period - Shot Misses the Net.
3:37 of 2nd period - Snap shot by Denis Malgin.
3:37 of 2nd period - Stopped by Joni Ortio with a rebound.
3:39 of 2nd period - Snap shot by Marc Del Gaizo.
3:39 of 2nd period - Stopped by Joni Ortio with a rebound.
3:45 of 2nd period - Snap shot by Jeff Malott.
3:45 of 2nd period - Stopped by Joni Ortio without a rebound.
3:46 of 2nd period - Emil Pettersson wins face-off versus Jesperi Kotkaniemi in Barracuda zone.
3:51 of 2nd period - Slapshot by Luke Martin.
3:51 of 2nd period - Deflect By Clayton Keller.
3:51 of 2nd period - Stopped by Spencer Knight without a rebound.
3:52 of 2nd period - Emil Pettersson wins face-off versus Jesperi Kotkaniemi in Penguins zone.
4:17 of 2nd period - Wrist shot by Matthew Boldy.
4:17 of 2nd period - Deflect By Clayton Keller.
4:17 of 2nd period - Shot Blocked by Mac Hollowell.
4:17 of 2nd period - Puck is out of play.
4:18 of 2nd period - Theodor Blueger wins face-off versus Philipp Kurashev in Barracuda zone.
4:39 of 2nd period - Philipp Kurashev is hit by Theodor Blueger and loses puck.
4:53 of 2nd period - Cole Ully is hit by Denis Malgin and loses puck.
4:58 of 2nd period - Slapshot by Jeff Malott.
4:58 of 2nd period - Stopped by Joni Ortio with a rebound.
5:00 of 2nd period - Slapshot by Artemi Kniazev.
5:00 of 2nd period - Stopped by Joni Ortio with a rebound.
5:02 of 2nd period - Wrist shot by Denis Malgin.
5:02 of 2nd period - Goal by Denis Malgin - Penguins : 4 - Barracuda : 3.
5:03 of 2nd period - Jesperi Kotkaniemi wins face-off versus Kurtis Macdermid in neutral zone.
5:10 of 2nd period - Snap shot by Matthew Boldy.
5:10 of 2nd period - Stopped by Joni Ortio with a rebound.
5:17 of 2nd period - Icing by Kurtis Macdermid.
5:18 of 2nd period - Emil Pettersson wins face-off versus Philipp Kurashev in Barracuda zone.
5:37 of 2nd period - Snap shot by Emil Pettersson.
5:37 of 2nd period - Shot Blocked by Matthew Finn.
5:39 of 2nd period - Snap shot by Emil Pettersson.
5:39 of 2nd period - Shot Misses the Net.
5:41 of 2nd period - Snap shot by Emil Pettersson.
5:41 of 2nd period - Stopped by Spencer Knight with a rebound.
5:43 of 2nd period - Snap shot by Kurtis Macdermid.
5:43 of 2nd period - Shot Blocked by Jesperi Kotkaniemi.
5:45 of 2nd period - Snap shot by Emil Pettersson.
5:45 of 2nd period - Stopped by Spencer Knight with a rebound.
6:25 of 2nd period - Snap shot by William Carrier.
6:25 of 2nd period - Shot Misses the Net.
6:27 of 2nd period - Snap shot by Jaedon Descheneau.
6:27 of 2nd period - Shot Blocked by Noah Dobson.
6:29 of 2nd period - Slapshot by Alex Lintuniemi.
6:29 of 2nd period - Stopped by Spencer Knight with a rebound.
6:31 of 2nd period - Slapshot by Alex Lintuniemi.
6:31 of 2nd period - Stopped by Spencer Knight with a rebound.
6:33 of 2nd period - Snap shot by Jaedon Descheneau.
6:33 of 2nd period - Stopped by Spencer Knight with a rebound.
7:07 of 2nd period - Snap shot by Clayton Keller.
7:07 of 2nd period - Stopped by Joni Ortio with a rebound.
7:55 of 2nd period - Snap shot by Cole Ully.
7:55 of 2nd period - Stopped by Spencer Knight with a rebound.
7:57 of 2nd period - Slapshot by Mac Hollowell.
7:57 of 2nd period - Shot Blocked by Bowen Byram.
7:59 of 2nd period - Slapshot by Mac Hollowell.
7:59 of 2nd period - Shot Blocked by Artemi Kniazev.
8:09 of 2nd period - Brett Kulak is hit by Jesper Boqvist and loses puck.
9:30 of 2nd period - Snap shot by Jacob Peterson.
9:30 of 2nd period - Shot Misses the Net.
10:22 of 2nd period - Minor Penalty to Thomas Gobeil for Tripping.
10:23 of 2nd period - Jesperi Kotkaniemi wins face-off versus Kurtis Macdermid in Barracuda zone.
12:03 of 2nd period - Jesper Boqvist is hit by Alex Henriksson and loses puck.
12:22 of 2nd period - Penalty to Thomas Gobeil is over, Thomas Gobeil is back on ice.
12:33 of 2nd period - Denis Malgin is hit by Theodor Blueger and loses puck.
12:40 of 2nd period - Snap shot by Alex Henriksson.
12:40 of 2nd period - Stopped by Spencer Knight without a rebound.
12:41 of 2nd period - Cole Ully wins face-off versus Dmitry Voronkov in Penguins zone.
13:11 of 2nd period - Slapshot by Marc Del Gaizo.
13:11 of 2nd period - Deflect By Denis Malgin.
13:11 of 2nd period - Stopped by Joni Ortio without a rebound.
13:12 of 2nd period - Thomas Gobeil wins face-off versus Jesperi Kotkaniemi in Barracuda zone.
13:17 of 2nd period - Snap shot by Matthew Boldy.
13:17 of 2nd period - Goal by Matthew Boldy - Penguins : 5 - Barracuda : 3.
13:18 of 2nd period - Jesperi Kotkaniemi wins face-off versus Emil Pettersson in neutral zone.
13:51 of 2nd period - Wrist shot by Evan Rodrigues.
13:51 of 2nd period - Stopped by Joni Ortio without a rebound.
13:52 of 2nd period - Theodor Blueger wins face-off versus Philipp Kurashev in Barracuda zone.
15:05 of 2nd period - Slapshot by Jacob Peterson.
15:05 of 2nd period - Stopped by Spencer Knight with a rebound.
15:21 of 2nd period - Sampo Ranta is hit by Robin Norell and loses puck.
15:55 of 2nd period - Minor Penalty to William Carrier for Interference.
15:56 of 2nd period - Emil Pettersson wins face-off versus Matthew Boldy in Barracuda zone.
17:55 of 2nd period - Penalty to William Carrier is over, William Carrier is back on ice.
18:26 of 2nd period - Minor Penalty to Alex Lintuniemi for Hooking.
18:27 of 2nd period - Jesperi Kotkaniemi wins face-off versus Emil Pettersson in Barracuda zone.
18:27 of 2nd period - Snap shot by Matthew Boldy.
18:27 of 2nd period - Shot Misses the Net.
18:29 of 2nd period - Snap shot by Jesperi Kotkaniemi.
18:29 of 2nd period - Shot Blocked by Luke Martin.
18:31 of 2nd period - Snap shot by Matthew Boldy.
18:31 of 2nd period - Shot Misses the Net.
18:33 of 2nd period - Wrist shot by Clayton Keller.
18:33 of 2nd period - Goal by Clayton Keller - Penguins : 6 - Barracuda : 3.
18:33 of 2nd period - Kevin Mandolese enters game.
18:34 of 2nd period - Emil Pettersson wins face-off versus Jesperi Kotkaniemi in neutral zone.
18:55 of 2nd period - Minor Penalty to Matthew Boldy for Slashing.
18:56 of 2nd period - Denis Malgin wins face-off versus Emil Pettersson in Penguins zone.
19:52 of 2nd period - Marc Del Gaizo is hit by Kurtis Macdermid and loses puck.
Goals for this period are 5 for Penguins vs 0 for Barracuda.
Shots for this period are 19 for Penguins vs 11 for Barracuda.

3rd period


0:01 of 3rd period - Emil Pettersson wins face-off versus Denis Malgin in neutral zone.
0:26 of 3rd period - Matthew Finn is hit by Theodor Blueger and loses puck.
0:33 of 3rd period - Slapshot by Jaedon Descheneau.
0:33 of 3rd period - Goal by Jaedon Descheneau - Penguins : 6 - Barracuda : 4.
0:34 of 3rd period - Emil Pettersson wins face-off versus Jesperi Kotkaniemi in neutral zone.
1:01 of 3rd period - William Carrier is hit by Evan Rodrigues.
1:09 of 3rd period - Matthew Finn is hit by Mac Hollowell and loses puck.
1:22 of 3rd period - Snap shot by Denis Malgin.
1:22 of 3rd period - Deflect By Kyle Platzer.
1:22 of 3rd period - Shot Misses the Net.
1:22 of 3rd period - Puck is out of play.
1:23 of 3rd period - Kyle Platzer wins face-off versus Denis Malgin in Barracuda zone.
1:36 of 3rd period - Snap shot by Cole Ully.
1:36 of 3rd period - Goal by Cole Ully - Penguins : 6 - Barracuda : 5.
1:37 of 3rd period - Emil Pettersson wins face-off versus Evan Rodrigues in neutral zone.
1:44 of 3rd period - Wrist shot by Kurtis Macdermid.
1:44 of 3rd period - Stopped by Spencer Knight with a rebound.
1:46 of 3rd period - Wrist shot by Brett Kulak.
1:46 of 3rd period - Deflect By Thomas Gobeil.
1:46 of 3rd period - Stopped by Spencer Knight with a rebound.
1:48 of 3rd period - Slapshot by Brett Kulak.
1:48 of 3rd period - Shot Misses the Net.
1:50 of 3rd period - Snap shot by Kurtis Macdermid.
1:50 of 3rd period - Shot Misses the Net.
1:52 of 3rd period - Slapshot by Brett Kulak.
1:52 of 3rd period - Stopped by Spencer Knight with a rebound.
2:08 of 3rd period - Slapshot by Matthew Finn.
2:08 of 3rd period - Shot Blocked by Mac Hollowell.
2:15 of 3rd period - Off-side.
2:16 of 3rd period - Jesperi Kotkaniemi wins face-off versus Emil Pettersson in neutral zone.
2:31 of 3rd period - Snap shot by Emil Pettersson.
2:31 of 3rd period - Shot Misses the Net.
2:53 of 3rd period - Jeff Malott is hit by Jaedon Descheneau.
3:03 of 3rd period - Sampo Ranta is hit by Nikolai Kovalenko and loses puck.
3:24 of 3rd period - Slapshot by Alex Lintuniemi.
3:24 of 3rd period - Stopped by Spencer Knight without a rebound.
3:25 of 3rd period - Philipp Kurashev wins face-off versus Jacob Peterson in Penguins zone.
4:09 of 3rd period - Off-side.
4:10 of 3rd period - Denis Malgin wins face-off versus Emil Pettersson in neutral zone.
4:21 of 3rd period - Snap shot by Denis Malgin.
4:21 of 3rd period - Shot Blocked by Brett Kulak.
4:41 of 3rd period - Slapshot by William Carrier.
4:41 of 3rd period - Stopped by Spencer Knight with a rebound.
5:27 of 3rd period - Luke Martin is hit by Dmitry Voronkov and loses puck.
6:41 of 3rd period - Snap shot by Alex Henriksson.
6:41 of 3rd period - Shot Misses the Net.
7:01 of 3rd period - Slapshot by Denis Malgin.
7:01 of 3rd period - Stopped by Kevin Mandolese without a rebound.
7:02 of 3rd period - Emil Pettersson wins face-off versus Denis Malgin in Barracuda zone.
7:19 of 3rd period - Minor Penalty to Josh Ho-Sang for Delaying the game.
7:20 of 3rd period - Emil Pettersson wins face-off versus Denis Malgin in Penguins zone.
7:22 of 3rd period - Snap shot by Kurtis Macdermid.
7:22 of 3rd period - Goal by Kurtis Macdermid - Penguins : 6 - Barracuda : 6.
7:23 of 3rd period - Emil Pettersson wins face-off versus Jesperi Kotkaniemi in neutral zone.
7:35 of 3rd period - Snap shot by Clayton Keller.
7:35 of 3rd period - Shot Blocked by Brett Kulak.
7:55 of 3rd period - Slapshot by Matthew Finn.
7:55 of 3rd period - Deflect By Jesper Boqvist.
7:55 of 3rd period - Stopped by Kevin Mandolese with a rebound.
7:58 of 3rd period - Icing by Robin Norell.
7:59 of 3rd period - William Carrier wins face-off versus Philipp Kurashev in Barracuda zone.
7:59 of 3rd period - William Carrier is hit by Philipp Kurashev.
8:09 of 3rd period - Slapshot by Noah Dobson.
8:09 of 3rd period - Deflect By Philipp Kurashev.
8:09 of 3rd period - Shot Misses the Net.
8:09 of 3rd period - Puck is out of play.
8:10 of 3rd period - Jesperi Kotkaniemi wins face-off versus Emil Pettersson in Barracuda zone.
8:58 of 3rd period - William Carrier is hit by Evan Rodrigues and loses puck.
9:05 of 3rd period - Noah Dobson is hit by Jaedon Descheneau and loses puck.
9:22 of 3rd period - Backhand shot by Denis Malgin.
9:22 of 3rd period - Shot Misses the Net.
9:24 of 3rd period - Slapshot by Marc Del Gaizo.
9:24 of 3rd period - Deflect By Jeff Malott.
9:24 of 3rd period - Goal by Jeff Malott - Penguins : 7 - Barracuda : 6.
9:25 of 3rd period - Jesperi Kotkaniemi wins face-off versus Emil Pettersson in neutral zone.
10:34 of 3rd period - Snap shot by Kurtis Macdermid.
10:34 of 3rd period - Stopped by Spencer Knight without a rebound.
10:35 of 3rd period - Jesperi Kotkaniemi wins face-off versus Jaedon Descheneau in Penguins zone.
11:05 of 3rd period - Backhand shot by Luke Martin.
11:05 of 3rd period - Deflect By Evan Rodrigues.
11:05 of 3rd period - Stopped by Spencer Knight with a rebound.
11:07 of 3rd period - Slapshot by Luke Martin.
11:07 of 3rd period - Deflect By Nikolai Kovalenko.
11:07 of 3rd period - Shot Blocked by Philipp Kurashev.
11:07 of 3rd period - Puck is out of play.
11:08 of 3rd period - Theodor Blueger wins face-off versus Philipp Kurashev in Penguins zone.
11:17 of 3rd period - Snap shot by Theodor Blueger.
11:17 of 3rd period - Stopped by Spencer Knight with a rebound.
11:19 of 3rd period - Snap shot by William Carrier.
11:19 of 3rd period - Shot Misses the Net.
11:23 of 3rd period - Slapshot by William Carrier.
11:23 of 3rd period - Goal by William Carrier - Penguins : 7 - Barracuda : 7.
11:24 of 3rd period - Kurtis Macdermid wins face-off versus Jesperi Kotkaniemi in neutral zone.
11:27 of 3rd period - Wrist shot by Emil Pettersson.
11:27 of 3rd period - Stopped by Spencer Knight with a rebound.
11:29 of 3rd period - Snap shot by Emil Pettersson.
11:29 of 3rd period - Stopped by Spencer Knight with a rebound.
11:33 of 3rd period - Wrist shot by Kurtis Macdermid.
11:33 of 3rd period - Stopped by Spencer Knight without a rebound.
11:34 of 3rd period - Emil Pettersson wins face-off versus Jesperi Kotkaniemi in Penguins zone.
11:35 of 3rd period - Snap shot by Kurtis Macdermid.
11:35 of 3rd period - Stopped by Spencer Knight with a rebound.
11:41 of 3rd period - Backhand shot by Emil Pettersson.
11:41 of 3rd period - Shot Misses the Net.
11:43 of 3rd period - Wrist shot by Brett Kulak.
11:43 of 3rd period - Stopped by Spencer Knight with a rebound.
11:59 of 3rd period - Snap shot by Thomas Gobeil.
11:59 of 3rd period - Shot Blocked by Matthew Finn.
12:10 of 3rd period - Snap shot by Brett Kulak.
12:10 of 3rd period - Stopped by Spencer Knight with a rebound.
12:22 of 3rd period - Snap shot by Emil Pettersson.
12:22 of 3rd period - Shot Misses the Net.
12:24 of 3rd period - Snap shot by Kurtis Macdermid.
12:24 of 3rd period - Shot Misses the Net.
12:34 of 3rd period - Wrist shot by Emil Pettersson.
12:34 of 3rd period - Shot Blocked by Clayton Keller.
12:36 of 3rd period - Slapshot by Brett Kulak.
12:36 of 3rd period - Deflect By Matthew Finn.
12:36 of 3rd period - Stopped by Spencer Knight without a rebound.
12:37 of 3rd period - William Carrier wins face-off versus Philipp Kurashev in Penguins zone.
13:45 of 3rd period - Jesper Boqvist is hit by Theodor Blueger and loses puck.
14:02 of 3rd period - Dakota Mermis is hit by Kyle Platzer and loses puck.
14:17 of 3rd period - Alexei Toropchenko is hit by Sampo Ranta.
14:46 of 3rd period - William Carrier is hit by Dakota Mermis and loses puck.
14:57 of 3rd period - Robin Norell is hit by Marc Del Gaizo and loses puck.
15:06 of 3rd period - Bowen Byram is hit by Robin Norell and loses puck.
15:33 of 3rd period - Sampo Ranta is hit by Kurtis Macdermid and loses puck.
15:46 of 3rd period - Jesper Boqvist is hit by Alexei Toropchenko and loses puck.
16:49 of 3rd period - Snap shot by Thomas Gobeil.
16:49 of 3rd period - Shot Misses the Net.
17:42 of 3rd period - Off-side.
17:43 of 3rd period - Denis Malgin wins face-off versus Nikolai Kovalenko in neutral zone.
17:45 of 3rd period - Off-side.
17:46 of 3rd period - Kyle Platzer wins face-off versus Denis Malgin in neutral zone.
18:15 of 3rd period - Wrist shot by Clayton Keller.
18:15 of 3rd period - Shot Misses the Net.
18:17 of 3rd period - Snap shot by Matthew Boldy.
18:17 of 3rd period - Goal by Matthew Boldy - Penguins : 8 - Barracuda : 7.
18:18 of 3rd period - Denis Malgin wins face-off versus Kyle Platzer in neutral zone.
18:31 of 3rd period - Snap shot by Cole Ully.
18:31 of 3rd period - Shot Misses the Net.
18:33 of 3rd period - Slapshot by Robin Norell.
18:33 of 3rd period - Shot Blocked by Matthew Finn.
18:43 of 3rd period - Robin Norell is hit by Clayton Keller and loses puck.
18:52 of 3rd period - Wrist shot by Clayton Keller.
18:52 of 3rd period - Deflect By Matthew Boldy.
18:52 of 3rd period - Stopped by Kevin Mandolese with a rebound.
19:08 of 3rd period - Brett Kulak is hit by Clayton Keller and loses puck.
19:15 of 3rd period - Barracuda, Kevin Mandolese is pulled from the net.
19:27 of 3rd period - Snap shot by Kurtis Macdermid.
19:27 of 3rd period - Goal by Kurtis Macdermid - Penguins : 8 - Barracuda : 8.
19:27 of 3rd period - Kevin Mandolese from Barracuda was sent back in the game.
19:28 of 3rd period - Emil Pettersson wins face-off versus Jesperi Kotkaniemi in neutral zone.
19:39 of 3rd period - Snap shot by Matthew Boldy.
19:39 of 3rd period - Stopped by Kevin Mandolese with a rebound.
Goals for this period are 2 for Penguins vs 5 for Barracuda.
Shots for this period are 6 for Penguins vs 20 for Barracuda.

Overtime #1


0:01 of 1st overtime period - Denis Malgin wins face-off versus William Carrier in neutral zone.
1:10 of 1st overtime period - Snap shot by Matthew Finn.
1:10 of 1st overtime period - Stopped by Kevin Mandolese without a rebound.
1:11 of 1st overtime period - William Carrier wins face-off versus Philipp Kurashev in Barracuda zone.
1:45 of 1st overtime period - Slapshot by Brett Kulak.
1:45 of 1st overtime period - Shot Blocked by Evan Rodrigues.
2:18 of 1st overtime period - Off-side.
2:19 of 1st overtime period - Clayton Keller wins face-off versus Cole Ully in neutral zone.
2:22 of 1st overtime period - Snap shot by Clayton Keller.
2:22 of 1st overtime period - Shot Misses the Net.
3:14 of 1st overtime period - Jesper Boqvist is hit by Brett Kulak and loses puck.
Goals for this period are 0 for Penguins vs 0 for Barracuda.
Shots for this period are 1 for Penguins vs 0 for Barracuda.

ShootOut


5:00 of 1st overtime period - Round #1.
5:00 of 1st overtime period - Penguins, Evan Rodrigues.
5:00 of 1st overtime period - Deke by Evan Rodrigues.
5:00 of 1st overtime period - Stopped by Kevin Mandolese.
5:00 of 1st overtime period - Barracuda, Kurtis Macdermid.
5:00 of 1st overtime period - Deke by Kurtis Macdermid.
5:00 of 1st overtime period - Goal by Kurtis Macdermid.
5:00 of 1st overtime period - Round #2.
5:00 of 1st overtime period - Penguins, Denis Malgin.
5:00 of 1st overtime period - Wrist shot by Denis Malgin.
5:00 of 1st overtime period - Stopped by Kevin Mandolese.
5:00 of 1st overtime period - Barracuda, William Carrier.
5:00 of 1st overtime period - Wrist shot by William Carrier.
5:00 of 1st overtime period - Stopped by Spencer Knight.
5:00 of 1st overtime period - Round #3.
5:00 of 1st overtime period - Penguins, Clayton Keller.
5:00 of 1st overtime period - Wrist shot by Clayton Keller.
5:00 of 1st overtime period - Shot Misses the Net. Output by the SimonT Hockey Simulator (STHS) for Francois Prevost - Original Page W3C HTML5 Valid
Hockey Simulator - Hockey Simulation - Hockey Manager